cohdb
Replays
Latest Replays
All Replays
Popular Replays
Top Player Replays
Match Explorer
How It Works
Community
CoH3 Stats
Reddit
Sign in to upload your games and track your stats! →
Sign in with Steam
Match 40096255
Unlisted
Match 40096255
Overview
Messages
Build Orders
End
Construct Section Command Post
Infantry Section
ML 3-inch Mortar Team
Infantry Section
Selects Indian Artillery Battlegroup
Grenade Package
Selects War Cry
Infantry Section
Construct Platoon Command Post
Selects Gurkha Rifles Section
CMP 15cwt Truck
Royal Engineer Section
6-pounder Anti-tank Gun Team
Particycles
Antoine Trinh
mansonchan
rickysheuS03
notorious d.i.b
KHKeung
0
0
Comments
sign in to comment!
No comments posted yet!